 Dungeon Crawl Stone Soup version 0.21.1-1-g345015f (webtiles) character file.

149 Mgcat the Insei (level 5, -1/40 HPs)
             Began as a Gnoll Transmuter on Mar 21, 2018.
             Slain by a frilled lizard (2 damage)
             ... on level 3 of the Dungeon.
             The game lasted 00:05:27 (783 turns).

Mgcat the Insei (Gnoll Transmuter)                   Turns: 783, Time: 00:05:28

Health: -1/40      AC:  2    Str: 12    XL:     5   Next: 31%
Magic:  10/12      EV: 24    Int: 16    God:
Gold:   85         SH:  0    Dex: 21    Spells: 4/14 levels left

rFire    . . .     SeeInvis .     - Unarmed
rCold    . . .     Gourm    .   (shield currently unavailable)
rNeg     . . .     Faith    .   (armour currently unavailable)
rPois    x         Spirit   .   (helmet currently unavailable)
rElec    .         Reflect  .   (cloak currently unavailable)
rCorr    .         Harm     .   (gloves currently unavailable)
MR       .....                  (boots currently unavailable)
Stlth    ++........             (no amulet)
HPRegen  0.13/turn              (no ring)
MPRegen  0.13/turn              (no ring)

@: spider-form (expiring), slowed, very slow
A: tiny, distributed training, strong nose
a: End Transformation


You were on level 3 of the Dungeon.
You were not hungry.
You were a venomous arachnid creature.
You visited 1 branch of the dungeon, and saw 3 of its levels.

You collected 85 gold pieces.

Inventory:

Hand Weapons
 h - a +2 spear of piercing
   (You found it on level 3 of the Dungeon)
Missiles
 a - 12 arrows
 e - 8 javelins (quivered)
Armour
 b - a +0 robe (melded)
Scrolls
 i - a scroll of teleportation {unknown}
 j - 4 scrolls of identify {unknown}
 k - a scroll of remove curse {unknown}
Potions
 g - a potion of brilliance {unknown}
 l - a potion of degeneration {unknown}
 m - a potion of heal wounds {unknown}
Books
 c - a book of Changes
Comestibles
 d - 6 rations
 f - a chunk of flesh {@w0}


   Skills:
 + Level 2.9 Fighting
 + Level 1.4 Short Blades
 + Level 1.4 Long Blades
 + Level 1.4 Axes
 + Level 1.4 Maces & Flails
 + Level 1.4 Polearms
 + Level 1.4 Staves
 + Level 1.4 Slings
 + Level 1.4 Bows
 + Level 1.4 Crossbows
 + Level 1.4 Throwing
 + Level 1.4 Armour
 + Level 4.7 Dodging
 + Level 1.4 Stealth
 + Level 1.4 Shields
 + Level 6.7 Unarmed Combat
 + Level 5.2 Spellcasting
 + Level 1.1 Conjurations
 + Level 1.1 Hexes
 + Level 1.1 Charms
 + Level 1.1 Summonings
 + Level 1.1 Necromancy
 + Level 1.1 Translocations
 + Level 3.9 Transmutations
 + Level 1.1 Fire Magic
 + Level 1.1 Ice Magic
 + Level 1.1 Air Magic
 + Level 1.1 Earth Magic
 + Level 1.1 Poison Magic
 + Level 1.6 Invocations
 + Level 1.4 Evocations


You had 4 spell levels left.
You knew the following spells:

 Your Spells              Type           Power        Failure   Level  Hunger
a - Beastly Appendage     Tmut           ###...       11%         1    None
b - Sticks to Snakes      Tmut           ###.....     13%         2    #......
c - Spider Form           Tmut/Pois      ##........   34%         3    ###....
d - Ice Form              Ice/Tmut       ##......     67%         4    ####...


Dungeon Overview and Level Annotations

Branches:
Dungeon (3/15)

Altars:


Innate Abilities, Weirdness & Mutations

Your experience applies equally to all skills.
((You have very sharp teeth.))
Your uncanny sense of smell can sniff out nearby items.


Message History

Casting: Spider Form
Confirm with . or Enter, or press ? or * to list all spells.
You turn into a venomous arachnid creature.
Your +0 robe melds into your body.
Found a stone staircase leading down.
The goblin closely misses you.
You completely miss the goblin. The goblin hits you but does no damage.
You bite the goblin!
You kill the goblin!
Your transformation is almost over.
d - 6 rations (gained 1)
l - a white potion Your transformation has ended.
Your +0 robe unmelds from your body.
Found a stone staircase leading up.
A kobold comes into view. It is wielding a short sword.
Casting: Spider Form
Confirm with . or Enter, or press ? or * to list all spells.
You turn into a venomous arachnid creature.
Your +0 robe melds into your body.
The kobold shouts!
The kobold throws a stone.
The stone misses you. The kobold completely misses you.
You barely miss the kobold. The kobold completely misses you.
You hit the kobold.
The kobold is poisoned.
The kobold is severely wounded.
The kobold completely misses you.
You bite the kobold!
You kill the kobold!
m - a metallic yellow potion
Things that are here:
a short sword; 2 stones; a kobold corpse Your transformation is almost over.
There is a stone staircase leading up here.
Found a stone staircase leading down.
Your transformation has ended.
Your +0 robe unmelds from your body.
An orc comes into view. It is wielding a flail.
An orc comes into view. It is wielding a flail.
Casting: Spider Form
Confirm with . or Enter, or press ? or * to list all spells.
You turn into a venomous arachnid creature.
Your +0 robe melds into your body.
The orc shouts!
You hear a shout!
The orc shouts!
An orc priest and an orc wizard come into view.
An orc wizard comes into view. It is wielding a dagger.
The orc wizard shouts!
You hear an angry hiss.
The orc wizard gestures at you while chanting.
You feel yourself slow down.
A frilled lizard comes into view.
The orc wizard casts a spell at you. The magic dart hits you!
The orc completely misses you.
The orc priest shouts!
You bite the orc!
You kill the orc!
The orc wizard mumbles some strange words.
The orc wizard blinks!
The orc wizard gestures wildly while chanting.
The orc wizard blinks!
You see here a flail.
You hit the orc.
The orc is poisoned.
The orc is lightly wounded.
The orc hits you with a flail.
The orc wizard casts a spell.
The orc wizard blinks!
The frilled lizard completely misses you.
You miss the frilled lizard. The orc barely misses you.
The orc priest mumbles some strange prayers to Beogh against you.
Beogh smites you!
The frilled lizard completely misses you.
The orc priest calls down the wrath of Beogh upon you.
Pain shoots through your body!
* * * LOW HITPOINT WARNING * * *
The orc hits you with a flail.
* * * LOW HITPOINT WARNING * * *
You bite the orc!
You kill the orc!
The orc wizard gestures wildly while chanting.
The orc wizard blinks!
The frilled lizard closely misses you. The orc wizard hits you with a dagger.
* * * LOW HITPOINT WARNING * * *
You hit the orc priest.
The orc priest is poisoned.
The orc priest is lightly wounded.
The frilled lizard unfolds its giant frill.
The frilled lizard completely misses you.
The orc wizard closely misses you.
The frilled lizard completely misses you.
You hit the orc wizard.
The orc wizard is poisoned.
The orc wizard is lightly wounded.
Your transformation is almost over.
The orc priest calls down the wrath of Beogh upon you.
Pain shoots through your body!
* * * LOW HITPOINT WARNING * * *
The orc wizard casts a spell.
The orc wizard blinks!
The orc wizard misses you. The frilled lizard misses you.
The orc priest completely misses you.
You hit the orc wizard.
The orc wizard is poisoned.
The orc wizard is moderately wounded.
The orc wizard completely misses you. The frilled lizard bites you.
You die...

#. ##.##..####..##..# #.
#.##...# ##.###.# ####.#
#.##.#>...#.<##.#
......##.##.####..#.)...
.....o.#.##.## ##.###.##
.....).......# #..#....
........###..# ## #.###
........# #..# ..
......os# ..... ...
......lo# ...... ####
..$....## .......#
....... #.......#
....... .###### .......
....... .......


You could see an orc priest, 2 orc wizards and a frilled lizard.

Vanquished Creatures
  An orc wizard (D:3)
  Natasha (thrice) (D:2)
  An adder (D:3)
  A worm (D:2)
  A dart slug (D:2)
  A leopard gecko (D:2)
  5 orcs
  A bat zombie (D:2)
  2 giant cockroaches
  3 goblins
  A hobgoblin (D:2)
  5 bats
  A frilled lizard (D:2)
  A jackal skeleton (D:2)
  3 kobolds
  2 rats
32 creatures vanquished.

Notes
Turn   | Place    | Note
-------+----------+-------------------------------------------
     0 | D:1      | Mgcat the Gnoll Transmuter began the quest for the Orb.
     0 | D:1      | Reached XP level 1. HP: 17/17 MP: 6/6
    61 | D:2      | Noticed Natasha
    65 | D:2      | Killed Natasha
    65 | D:2      | Reached skill level 5 in Spellcasting
    65 | D:2      | Reached XP level 2. HP: 13/23 MP: 6/8
    65 | D:2      | Reached XP level 3. HP: 16/28 MP: 6/9
   139 | D:2      | Noticed Natasha
   142 | D:2      | HP: 3/28 [Natasha/magic dart (10)]
   145 | D:2      | Killed Natasha
   145 | D:2      | Reached skill level 1 in Short Blades
   145 | D:2      | Reached skill level 1 in Long Blades
   145 | D:2      | Reached skill level 1 in Axes
   145 | D:2      | Reached skill level 1 in Maces & Flails
   145 | D:2      | Reached skill level 1 in Polearms
   145 | D:2      | Reached skill level 1 in Staves
   145 | D:2      | Reached skill level 1 in Slings
   145 | D:2      | Reached skill level 1 in Bows
   145 | D:2      | Reached skill level 1 in Crossbows
   145 | D:2      | Reached skill level 1 in Throwing
   145 | D:2      | Reached skill level 1 in Armour
   145 | D:2      | Reached skill level 1 in Stealth
   145 | D:2      | Reached skill level 1 in Shields
   145 | D:2      | Reached skill level 1 in Invocations
   145 | D:2      | Reached skill level 1 in Evocations
   145 | D:2      | Reached XP level 4. HP: 3/34 MP: 9/11
   149 | D:2      | Learned a level 2 spell: Sticks to Snakes
   153 | D:2      | Learned a level 3 spell: Spider Form
   158 | D:2      | Learned a level 4 spell: Ice Form
   223 | D:2      | Noticed Natasha
   228 | D:2      | Killed Natasha
   334 | D:2      | Reached skill level 1 in Conjurations
   334 | D:2      | Reached skill level 1 in Hexes
   334 | D:2      | Reached skill level 1 in Charms
   334 | D:2      | Reached skill level 1 in Summonings
   334 | D:2      | Reached skill level 1 in Necromancy
   334 | D:2      | Reached skill level 1 in Translocations
   334 | D:2      | Reached skill level 1 in Fire Magic
   334 | D:2      | Reached skill level 1 in Ice Magic
   334 | D:2      | Reached skill level 1 in Air Magic
   334 | D:2      | Reached skill level 1 in Earth Magic
   334 | D:2      | Reached skill level 1 in Poison Magic
   421 | D:3      | HP: 8/34 [orc wizard/dagger (5)]
   423 | D:3      | HP: 1/34 [orc wizard/puff of flame (7)]
   426 | D:3      | Reached XP level 5. HP: 1/40 MP: 12/12
   779 | D:3      | HP: 10/40 [orc priest/nerve-wracking pain (12)]
   782 | D:3      | HP: 1/40 [orc priest/nerve-wracking pain (6)]
   783 | D:3      | Slain by a frilled lizard

Skill      XL: |  1  2  3  4 |
---------------+-------------+-----
Spellcasting   | 5 |  5.2
Short Blades   | 1 |  1.4
Long Blades    | 1 |  1.4
Axes           | 1 |  1.4
Maces & Flails | 1 |  1.4
Polearms       | 1 |  1.4
Staves         | 1 |  1.4
Slings         | 1 |  1.4
Bows           | 1 |  1.4
Crossbows      | 1 |  1.4
Throwing       | 1 |  1.4
Armour         | 1 |  1.4
Stealth        | 1 |  1.4
Shields        | 1 |  1.4
Invocations    | 1 |  1.6
Evocations     | 1 |  1.4
Conjurations   | 1 |  1.1
Hexes          | 1 |  1.1
Charms         | 1 |  1.1
Summonings     | 1 |  1.1
Necromancy     | 1 |  1.1
Translocations | 1 |  1.1
Fire Magic     | 1 |  1.1
Ice Magic      | 1 |  1.1
Air Magic      | 1 |  1.1
Earth Magic    | 1 |  1.1
Poison Magic   | 1 |  1.1
Fighting       | |  2.9
Dodging        | |  4.7
Unarmed Combat | |  6.7
Transmutations | |  3.9

Action                   |  1- 3 |  4- 6 || total
-------------------------+-------+-------++-------
Melee: Unarmed           |    25 |    60 ||    85
       Kick              |     6 |     1 ||     7
       Bite              |     1 |     1 ||     2
       Headbutt          |       |     5 ||     5
       Punch             |       |     1 ||     1
 Cast: Beastly Appendage |     3 |     5 ||     8
       Spider Form       |       |     7 ||     7
  Use: Potion            |       |     2 ||     2
 Stab: Sleeping          |     1 |       ||     1
Armor: Robe              |     7 |    10 ||    17
       Skin              |       |     2 ||     2
Dodge: Dodged            |    23 |    77 ||   100

Vault maps used:
D:1:      evilmike_arrival_fibonacci_small
D:2:      first_ration, serial_undead, serial_undead_b, serial_undead_d,
          serial_undead_c, serial_undead_e, serial_undead_e, serial_undead_b,
          chequers_ecumenical_altar_grove, minmay_pentomino_s4, uniq_natasha

Table legend:
 A = Turns spent in this place as a percentage of turns spent in the entire game.
 B = Non-inter-level travel turns spent in this place as a percentage of non-inter-level travel turns spent in the entire game.
 C = Inter-level travel turns spent in this place as a percentage of turns spent in this place.
 D = Turns resting spent in this place as a percentage of non-inter-level travel turns spent in this place.
 E = Turns spent auto-exploring this place as a percentage of non-inter-level travel turns spent in this place.
 F = Non-inter-level travel turns spent in this place divided by the number of levels of this place that you've seen.
                   A       B       C       D       E      F
               +-------+-------+-------+-------+-------+----------------------
         Total | 100.0 | 100.0 |   0.0 |   0.0 |  27.2 | 261.0
       Dungeon | 100.0 | 100.0 |   0.0 |   0.0 |  27.2 | 261.0
               +-------+-------+-------+-------+-------+----------------------

Table legend:
 A = Kills in this place as a percentage of kills in entire the game.
 B = Kills by you in this place as a percentage of kills by you in the entire game.
 C = Kills by friends in this place as a percentage of kills by friends in the entire game.
 D = Other kills in this place as a percentage of other kills in the entire game.
 E = Experience gained in this place as a percentage of experience gained in the entire game.
 F = Experience gained in this place divided by the number of levels of this place that you have seen.
                   A       B       C       D       E      F
               +-------+-------+-------+-------+-------+----------------------
         Total | 100.0 | 100.0 |   N/A |   N/A | 100.0 |  71.3
       Dungeon | 100.0 | 100.0 |   N/A |   N/A | 100.0 |  71.3
               +-------+-------+-------+-------+-------+----------------------
